 Dungeon Crawl Stone Soup version 0.28-a0-998-gb9e9c7b67e (webtiles) character file.

Game seed: 5225344818194399871

108 ragingrage the Chopper (level 4, -2/37 HPs)
             Began as a Palentonga Fighter on Dec 6, 2021.
             Killed from afar by an orc wizard (4 damage)
             ... with a puff of flame
             ... in the Ecumenical Temple.
             The game lasted 00:02:03 (2472 turns).

ragingrage the Chopper (Palentonga Fighter)         Turns: 2472, Time: 00:02:04

Health: -2/37      AC:  6    Str: 20    XL:     4   Next: 58%
Magic:  4/4        EV:  7    Int:  8    God:
Gold:   163        SH:  4    Dex: 11    Spells: 3/3 levels left

rFire   . . .      SeeInvis +   a - +0 war axe
rCold   . . .      Faith    .   c - +0 buckler
rNeg    . . .      Spirit   .   b - +0 scale mail
rPois   .          Reflect  .   (no helmet)
rElec   .          Harm     .   (no cloak)
rCorr   .          Rampage  .   (no gloves)
Will    .....                   (no barding)
Stlth   ..........              (no amulet)
HPRegen 0.12/turn               (no ring)
MPRegen 0.09/turn               (no ring)

@: brilliant, lethally poisoned (-2 -> -12), hasted, very quick
A: large, rugged brown scales 3, see invisible, deformed body, roll 1, armoured
tail
a: Rolling Charge


You were in the Ecumenical Temple.
You visited 2 branches of the dungeon, and saw 5 of its levels.

You collected 163 gold pieces.

Inventory:

Hand Weapons
 a - a +0 war axe (weapon)
Missiles
 i - 32 poisoned darts (quivered)
Armour
 b - a +0 scale mail (worn)
 c - a +0 buckler (worn)
Scrolls
 e - 4 scrolls of identify {unknown}
 h - a scroll of fog {unknown}
 j - a scroll of amnesia {unknown}
Potions
 d - a potion of might


   Skills:
 - Level 3.0 Fighting
 * Level 4.9 Axes
 - Level 2.4 Armour
 - Level 2.4 Shields


You had 3 spell levels left.
You didn't know any spells.
Your spell library was empty.

Dungeon Overview and Level Annotations

Branches:
Dungeon (4/15)             Temple (1/1) D:4

Altars:


Innate Abilities, Weirdness & Mutations

You are completely covered in rugged brown scales. (AC +3, +7% HP)
You have supernaturally acute eyesight. (SInv)
Armour fits poorly on your strangely shaped body.
You can roll at nearby foes to attack.
You have a long armoured tail.


Message History

You are more poisoned.
The adder bites you but does no damage.
You miss the adder.
Your tail-slap misses the adder.
The adder is heavily wounded.
You closely miss the orc wizard.
You feel very sick. The adder bites you but does no damage.
The orc wizard hits you with a +0 dagger of venom.
You are more poisoned.
You feel less confused.
You feel very sick. You block the adder's attack.
The orc wizard casts a spell at you. You resist with some effort.
You feel very sick. The adder bites you.
You are more poisoned.
The adder poisons you!
The orc wizard points at you and mumbles some strange words.
The magic dart hits you. The adder bites you but does no damage.
You feel very sick.
You hit the adder.
Your tail-slap misses the adder.
The adder is severely wounded.
You feel very sick. The adder barely misses you. The adder bites you.
* * * LOW HITPOINT WARNING * * *
You are more poisoned.
The adder poisons you!
It was a potion of brilliance.
You feel clever all of a sudden.
* * * LOW HITPOINT WARNING * * *
You feel very sick. The adder closely misses you.
Unknown command.
It was a potion of haste.
You feel yourself speed up.
* * * LOW HITPOINT WARNING * * *
You feel sick. The orc wizard casts a spell at you. The puff of flame hits you.
You die...

####+
####...#
#......#
#....S@#
#..<.o##
#......#
#......#
#...###+
+###


You could see an orc wizard (invisible) and an adder.

Vanquished Creatures
  An orc priest (D:3)
  An adder (D:3)
  2 dart slugs
  4 orcs
  4 ball pythons
  6 bats
  6 endoplasms
  4 giant cockroaches
  4 goblins
  4 hobgoblins
  4 jackals (D:2)
  7 kobolds
  2 quokkas
  4 rats
53 creatures vanquished.

Notes
Turn   | Place    | Note
-------+----------+-------------------------------------------
     0 | D:1      | ragingrage the Palentonga Fighter began the quest for the
                  | Orb.
     0 | D:1      | Reached XP level 1. HP: 19/19 MP: 1/1
    80 | D:1      | Reached XP level 2. HP: 23/25 MP: 2/2
   118 | D:1      | Reached skill level 3 in Axes
   515 | D:2      | Reached XP level 3. HP: 31/31 MP: 3/3
   517 | D:2      | Found a faded altar of an unknown god.
  1433 | D:3      | Reached skill level 4 in Axes
  1834 | D:3      | Reached XP level 4. HP: 37/37 MP: 4/4
  2450 | D:4      | Found a staircase to the Ecumenical Temple.
  2463 | D:4      | Noticed a scorpion
  2464 | Temple   | Entered the Ecumenical Temple
  2472 | Temple   | Killed from afar by an orc wizard

Illustrated notes

Levels and vault maps discovered:
D:1:      saegor_arrival_simple_d, layout_rooms
D:2:      layout_loops_cross, basic_ecumenical_altar, nrook_mini_backslash,
          kennysheep_generic_room_9
D:3:      layout_rooms, serial_glass, glass_columns_b, glass_columns_b,
          glass_columns_a, glass_columns_a, glass_columns_a
D:4:      layout_loops_ring, minmay_temple_entry_trees, st_stairs_13,
          uniq_robin, uniq_pikel
Temple:   mainiacjoe_temple_bowtie_tessellation

Skill      XL: |  1  2  3 |
---------------+----------+-----
Axes           | 3 4 |  4.9
Fighting       | |  3.0
Armour         | |  2.4
Shields        | |  2.4

Action                   |  1- 3 |  4- 6 || total
-------------------------+-------+-------++-------
Melee: War axe           |   110 |    25 ||   135
       Tailslap          |     6 |     3 ||     9
Throw: Dart              |       |     4 ||     4
 Abil: Rolling Charge    |    15 |     4 ||    19
  Use: Potion            |       |     2 ||     2
Armor: Scale mail        |    57 |    13 ||    70
Dodge: Dodged            |    47 |    12 ||    59
Block: Buckler           |    28 |     3 ||    31

Table legend: (Time is in decaauts)
 A = Elapsed time spent in this place.
 B = Non-inter-level travel time spent in this place.
 C = Inter-level travel time spent in this place.
 D = Time resting spent in this place.
 E = Time spent auto-exploring this place.
 F = Levels seen in this place.
 G = Mean time per level.
                   A        B        C        D        E       F      G
               +--------+--------+--------+--------+--------+-----+--------+
         Total |   2515 |   2432 |     83 |    690 |   1377 |   5 |  503.0 |
       Dungeon |   2507 |   2424 |     83 |    690 |   1377 |   4 |  626.8 |
        Temple |      8 |      8 |      0 |      0 |      0 |   1 |    8.0 |
               +--------+--------+--------+--------+--------+-----+--------+

Top non-repeatable levels by time:
     D:2: 1113 daAuts
     D:3: 759 daAuts
     D:1: 493 daAuts
     D:4: 140 daAuts
  Temple: 8 daAuts
